 Dungeon Crawl Stone Soup version 0.28-a0-661-g144af121cd (webtiles) character file.

Game seed: 8419819997430501767

592 KristoblXynda the Cutter (level 7, -1/44 HPs)
             Began as a Kobold Gladiator on Oct 14, 2021.
             Killed by divine providence
             ... invoked by an orc priest
              (13 damage)
             ... on level 5 of the Dungeon.
             The game lasted 00:04:50 (5895 turns).

KristoblXynda the Cutter (Kobold Gladiator)         Turns: 5895, Time: 00:04:51

Health: -1/44      AC:  5    Str: 13    XL:     7   Next: 66%
Magic:  7/7        EV: 17    Int: 10    God:
Gold:   218        SH:  0    Dex: 16    Spells: 6/6 levels left

rFire   . . .      SeeInvis .   a - +1 rapier
rCold   . . .      Faith    .   (shield restricted)
rNeg    . . .      Spirit   .   b - +0 leather armour
rPois   .          Reflect  .   c - +0 helmet
rElec   .          Harm     .   (no cloak)
rCorr   .          Rampage  .   (no gloves)
Will    .....                   j - +0 pair of boots
Stlth   ++++......              (no amulet)
HPRegen 0.14/turn               (no ring)
MPRegen 0.10/turn               (no ring)

@: hasted, very quick
A: small, no large weapons, nightstalker 3
a: no special abilities


You were on level 5 of the Dungeon.
You visited 1 branch of the dungeon, and saw 5 of its levels.

You collected 218 gold pieces.

Inventory:

Hand Weapons
 a - a +1 rapier (weapon)
Armour
 b - a +0 leather armour (worn)
 c - a +0 helmet (worn)
 j - a +0 pair of boots (worn)
Jewellery
 l - a ring of ice
Wands
 p - a wand of digging (6)
Scrolls
 e - a scroll of enchant weapon
 g - a scroll of fog {unknown}
 i - a scroll of noise {unknown}
 n - a scroll of magic mapping {unknown}
 o - a scroll of amnesia {unknown}
Potions
 f - a potion of curing
 k - a potion of heal wounds {unknown}
 m - a potion of lignification {unknown}


   Skills:
 + Level 4.7 Fighting
 + Level 6.4 Short Blades
 - Level 2.1 Throwing
 + Level 5.9 Dodging
 + Level 5.2 Stealth


You had 6 spell levels left.
You didn't know any spells.
Your spell library was empty.

Dungeon Overview and Level Annotations

Branches:
Dungeon (5/15)
 Temple: D:4-7

Altars:
Ashenzari
Elyvilon
Okawaru


Innate Abilities, Weirdness & Mutations

You are small and have problems with some larger weapons.
You are completely attuned to the shadows.


Message History

Okay, then.
You start waiting.
An orc warrior is nearby!
The orc warrior hits you with a +0 glaive.
Throw: throwing net
Press: ? - help, Q - select action Shift-Dir - straight line, f - orc warrior
Aim: an orc warrior, wielding a +0 glaive and wearing a +0 chain mail (60% to hit)
You throw a throwing net. The throwing net hits the orc warrior.
The orc warrior is caught in the net!
The orc warrior struggles against the net.
You hit the orc warrior but do no damage.
The orc warrior struggles against the net.
You barely miss the orc warrior.
The orc warrior struggles against the net.
You hit the orc warrior.
The orc warrior is lightly wounded.
The orc warrior struggles against the net.
You catch the helpless orc warrior completely off-guard!
You puncture the orc warrior!
The orc warrior is severely wounded.
The orc warrior drinks a potion.
The orc warrior is healed!
The orc warrior struggles against the net.
The net rips apart, and the orc warrior comes free!
You closely miss the orc warrior.
The orc warrior is heavily wounded.
The orc priest calls down the wrath of Beogh upon you.
Pain shoots through your body!
You feel better.
The orc warrior hits you with a +0 glaive!
Unknown command.
You feel yourself speed up.
The orc warrior hits you with a +0 glaive!
The orc priest invokes the aid of Beogh against you.
Beogh smites you!
* * * LOW HITPOINT WARNING * * *
You feel better.
The orc warrior hits you but does no damage.
The orc priest mumbles some strange prayers to Beogh against you.
Beogh smites you!
You die...

# .. #.......# #
#.......# #
#.......## #
####.....# #
#.....# ....#....
#.....# .....#....
#.....# .....+...
#.....#
.....#'#####@....#
...........oo....#
.................#
#####............#
#............#
#........#####
#........#
#........#
#........#


You could see an orc warrior and an orc priest.

Vanquished Creatures
  A black bear (D:4)
  A phantom (D:4)
  A water moccasin skeleton (D:4)
  A howler monkey (D:3)
  3 hounds
  An orc priest (D:4)
  A centaur skeleton (D:4)
  Terence (D:2)
  5 gnolls
  3 adders
  A shadow imp (D:5)
  A white imp (D:5)
  8 orcs
  11 bats
  6 endoplasms
  A giant cockroach (D:4)
  2 goblins
  9 hobgoblins
  4 quokkas
  9 ball pythons
  4 frilled lizards
  5 kobolds
  10 rats
89 creatures vanquished.

Notes
Turn   | Place    | Note
-------+----------+-------------------------------------------
     0 | D:1      | KristoblXynda the Kobold Gladiator began the quest for the
                  | Orb.
     0 | D:1      | Reached XP level 1. HP: 12/12 MP: 1/1
   148 | D:1      | Reached XP level 2. HP: 18/18 MP: 2/2
   151 | D:1      | Reached skill level 1 in Stealth
   576 | D:1      | Reached XP level 3. HP: 22/22 MP: 3/3
  1542 | D:2      | Reached XP level 4. HP: 6/27 MP: 4/4
  1946 | D:2      | Noticed Terence
  1952 | D:2      | Killed Terence
  2149 | D:2      | Found a faded altar of an unknown god.
  2301 | D:2      | Found a broken altar of Ashenzari.
  2606 | D:3      | Found a white marble altar of Elyvilon.
  2860 | D:3      | Reached XP level 5. HP: 32/32 MP: 5/5
  3077 | D:3      | Reached skill level 5 in Short Blades
  3383 | D:4      | Reached XP level 6. HP: 25/37 MP: 6/6
  3493 | D:4      | Found an iron altar of Okawaru.
  3652 | D:4      | Reached skill level 5 in Dodging
  4256 | D:4      | Noticed a black bear
  4536 | D:4      | Killed a black bear
  4537 | D:4      | Reached XP level 7. HP: 15/43 MP: 7/7
  5041 | D:4      | Reached skill level 6 in Short Blades
  5437 | D:4      | Reached skill level 5 in Stealth
  5495 | D:5      | Entered Level 5 of the Dungeon
  5895 | D:5      | Killed from afar by an orc priest

Illustrated notes

Levels and vault maps discovered:
D:1:      dpeg_arrival_oval, layout_basic, minmay_misc_feat_four_crosses
D:2:      layout_loops_ring, serial_glass, glass_columns_a, glass_columns_b,
          glass_columns_b, glass_columns_a, glass_columns_a, glass_columns_a,
          hellmonk_ecumenical_altar_zigzags, basic_altar, uniq_terence
D:3:      layout_basic, overflow_temple_1_default
D:4:      layout_basic, nicolae_overflow_crystal_walls
D:5:      layout_gridville, kennysheep_nub

Skill      XL: |  1  2  3  4  5  6  7 |
---------------+----------------------+-----
Stealth        | 1 2 3 4 5 |  5.2
Dodging        | 4 5 |  5.9
Fighting       | 3 4 |  4.7
Short Blades   | 5 6 |  6.4
Throwing       | |  2.1

Action                   |  1- 3 |  4- 6 |  7- 9 || total
-------------------------+-------+-------+-------++-------
Melee: Rapier            |    69 |   129 |    63 ||   261
Throw: Throwing net      |     1 |     2 |     1 ||     4
  Use: Scroll            |       |     1 |       ||     1
       Potion            |       |     2 |     3 ||     5
 Stab: Sleeping          |    10 |    17 |     6 ||    33
       Held in net/web   |     1 |       |     1 ||     2
       Distracted        |     1 |       |       ||     1
Armor: Leather armour    |    18 |    20 |    16 ||    54
Dodge: Dodged            |    37 |    96 |    37 ||   170

Table legend: (Time is in decaauts)
 A = Elapsed time spent in this place.
 B = Non-inter-level travel time spent in this place.
 C = Inter-level travel time spent in this place.
 D = Time resting spent in this place.
 E = Time spent auto-exploring this place.
 F = Levels seen in this place.
 G = Mean time per level.
                   A        B        C        D        E       F      G
               +--------+--------+--------+--------+--------+-----+--------+
         Total |   5862 |   5702 |    160 |   1404 |   3556 |   5 | 1172.4 |
       Dungeon |   5862 |   5702 |    160 |   1404 |   3556 |   5 | 1172.4 |
               +--------+--------+--------+--------+--------+-----+--------+

Top non-repeatable levels by time:
     D:3: 1657 daAuts
     D:4: 1332 daAuts
     D:1: 1270 daAuts
     D:2: 1223 daAuts
     D:5: 377 daAuts
